 Dungeon Crawl Stone Soup version 0.19.4 (webtiles) character file.

133 kae the Shield-Bearer (level 5, -3/42 HPs)
             Began as a Formicid Fighter on Feb 3, 2017.
             Slain by Agrougrou's ghost (12 damage)
             ... on level 3 of the Dungeon.
             The game lasted 00:03:14 (2419 turns).

kae the Shield-Bearer (Formicid Fighter)            Turns: 2419, Time: 00:03:15

Health: -3/42      AC:  7    Str: 26    XL:     5   Next: 39%
Magic:  5/5        EV:  8    Int:  8    God:
Gold:   227        SH: 10    Dex: 10    Spells: 0 memorised, 4 levels left

rFire  . . .     SeeInvis +     a - +1 long sword
rCold  . . .     Gourm    .     b - +0 scale mail
rNeg   . . .     Faith    .     c - +0 shield
rPois  .         Spirit   .     (helmet unavailable)
rElec  .         Reflect  .     (no cloak)
rCorr  .         Harm     .     (no gloves)
MR     .....                    (no boots)
Stlth  ..........               (no amulet)
                                (no ring)
                                (no ring)

@: mighty
A: permanent stasis, dig shafts and tunnels, four strong arms, antennae 3
a: Dig, Shaft Self


You were on level 3 of the Dungeon.
You were very hungry.

You visited 1 branch of the dungeon, and saw 3 of its levels.

You collected 227 gold pieces.

Inventory:

Hand Weapons
 a - a +1 long sword (weapon)
Armour
 b - a +0 scale mail (worn)
 c - a +0 shield (worn)
Scrolls
 e - a scroll of enchant armour {unknown}
 k - a scroll of recharging
 n - 2 scrolls of identify {unknown}
 o - a scroll of remove curse
Potions
 h - a potion of flight {unknown}
 j - a potion of heal wounds {unknown}
 l - 2 potions of degeneration {unknown}
 m - a potion of brilliance {unknown}
Comestibles
 f - a bread ration
 g - 2 beef jerkies
 i - 3 meat rations


   Skills:
 + Level 4.1 Fighting
 * Level 3.4 Long Blades
 + Level 4.2 Armour
 + Level 4.2 Shields


You had 4 spell levels left.
You didn't know any spells.

Dungeon Overview and Level Annotations

Branches:
Dungeon (3/15)

Altars:
Cheibriados
Hepliaklqana
Ru
Zin

Annotations:
D:3 Agrougrou's ghost, amateur FoFi


Innate Abilities, Weirdness & Mutations

You are under a permanent stasis effect.
You can dig through walls and to a lower floor.
Your four strong arms can wield two-handed weapons with a shield.
You have a pair of large antennae on your head. (SInv)


Message History

You barely miss Agrougrou's ghost.
Agrougrou's ghost is heavily damaged.
Agrougrou's ghost hits you.
You barely miss Agrougrou's ghost.
Agrougrou's ghost is heavily damaged.
You block Agrougrou's ghost's attack.
You closely miss Agrougrou's ghost.
Agrougrou's ghost is heavily damaged.
You block Agrougrou's ghost's attack. x2
You hit Agrougrou's ghost.
Agrougrou's ghost is heavily damaged.
Agrougrou's ghost hits you!
* * * LOW HITPOINT WARNING * * *
You barely miss Agrougrou's ghost.
Agrougrou's ghost is heavily damaged.
Agrougrou's ghost hits you but does no damage.
You hit Agrougrou's ghost.
Agrougrou's ghost is heavily damaged.
Agrougrou's ghost hits you!
You die...

##.####.##### .
#.# #.# #.# # #.#
#.# #.#######
#.###.## #.......#
#.##...#####......
#.#.....# #......
#.#....## #......
#W#.#.## #......
###@#.### ##......
#...#.#
####.......
#.###.#
#...#....#. #.#
#.####.##.......
#.#
#......###......
#.#
#########...##.#
#.# #.........#
#.# #.##...####
#.# ##.###......


You could see Agrougrou's ghost.

Vanquished Creatures
  Ijyb (D:3)
  4 adders
  An ooze (D:2)
  A dart slug (D:1)
  2 leopard geckos
  3 giant cockroaches
  7 goblins
  14 hobgoblins
  4 jackals (D:1)
  4 kobolds
  7 bats
  8 frilled lizards
  5 rats
61 creatures vanquished.

Notes
Turn   | Place    | Note
-------+----------+-------------------------------------------
     0 | D:1      | kae the Formicid Fighter began the quest for the Orb.
     0 | D:1      | Reached XP level 1. HP: 18/18 MP: 1/1
   222 | D:1      | Reached XP level 2. HP: 24/24 MP: 2/2
   561 | D:1      | Reached XP level 3. HP: 21/29 MP: 3/3
  1130 | D:2      | Reached XP level 4. HP: 36/37 MP: 4/4
  1205 | D:2      | Found a hazy altar of Hepliaklqana.
  1322 | D:2      | You fall through a shaft!
  1333 | D:3      | Noticed Ijyb
  1350 | D:3      | Killed Ijyb
  1504 | D:2      | Reached XP level 5. HP: 42/42 MP: 5/5
  1729 | D:2      | Found a sacrificial altar of Ru.
  1859 | D:2      | Found a snail-covered altar of Cheibriados.
  1945 | D:2      | Found a glowing silver altar of Zin.
  2406 | D:3      | Noticed Agrougrou's ghost (amateur FoFi)
  2419 | D:3      | Slain by Agrougrou's ghost

Skill      XL: |  1  2  3  4  5 |
---------------+----------------+-----
Shields        | 4 |  4.2
Long Blades    | 3 |  3.4
Armour         | 4 |  4.2
Fighting       | 4 |  4.1

Action                   |  1- 3 |  4- 6 || total
-------------------------+-------+-------++-------
Melee: Long sword        |    88 |   107 ||   195
  Use: Scroll            |     4 |       ||     4
       Potion            |       |     1 ||     1
  Eat: Chunk             |       |     4 ||     4
Armor: Scale mail        |    26 |    41 ||    67
Dodge: Dodged            |    31 |    23 ||    54
Block: Shield            |    39 |    58 ||    97
       Rpst.: Long sword |     9 |     7 ||    16
